 Dungeon Crawl Stone Soup version 0.18.1-48-g4cf74bf (webtiles) character file.

67 Gargoyl the Skirmisher (level 4, 37/37 HPs)
             Began as a Demonspawn Abyssal Knight on Aug 31, 2016.
             Was a Follower of Lugonu.
             Quit the game on level 2 of the Dungeon.
             The game lasted 00:02:36 (1827 turns).

Gargoyl the Skirmisher (Demonspawn Abyssal Knight)  Turns: 1827, Time: 00:02:37

Health: 37/37      AC:  8    Str: 13    XL:     4   Next: 0%
Magic:  6/6        EV:  9    Int: 14    God:    Lugonu [*.....]
Gold:   123        SH:  0    Dex: 12    Spells: 0 memorised, 3 levels left

rFire  . . .     SeeInvis .     a - +1 hand axe
rCold  . . .     Gourm    .     d - +0 scale mail
rNeg   . . .     Faith    .     (no shield)
rPois  .         Spirit   +     (no helmet)
rElec  .         Dismiss  .     (no cloak)
rCorr  .         Reflect  .     p - +0 pair of gloves
SustAt .         Harm     .     (no boots)
MR     .....                    (no amulet)
Stlth  ..........               (no ring)
                                (no ring)

@: not resistant to hostile enchantments, extremely unstealthy
A: molten scales 1, magic shield
a: Depart the Abyss, Renounce Religion


You were on level 2 of the Dungeon.
You worshipped Lugonu.
Lugonu was aware of your devotion.
You were not hungry.

You visited 1 branch of the dungeon, and saw 2 of its levels.
You visited the Abyss 1 time.

You collected 123 gold pieces.

Inventory:

Hand Weapons
 a - a +1 hand axe (weapon)
Armour
 d - a +0 scale mail (worn)
 p - a +0 pair of gloves (worn)
Scrolls
 b - a scroll of random uselessness {unknown}
 e - 2 scrolls of recharging {unknown}
 f - 2 scrolls of identify {unknown}
 i - 3 scrolls of teleportation {unknown}
 l - 2 scrolls of remove curse {unknown}
 m - a scroll of enchant weapon {unknown}
 n - a scroll of fear {unknown}
Potions
 h - a potion of invisibility {unknown}
 k - a potion of magic {unknown}
 o - a potion of degeneration {unknown}
 q - a potion of berserk rage {unknown}
 r - a potion of brilliance {unknown}
Comestibles
 c - 4 bread rations
 g - a meat ration
 j - 2 beef jerkies


   Skills:
 + Level 3.7 Fighting
 + Level 2.2 Axes
 + Level 2.3 Armour
 + Level 1.6 Dodging
 + Level 2.7 Invocations


You had 3 spell levels left.
You didn't know any spells.

Dungeon Overview and Level Annotations

Branches:
Dungeon (2/15)

Altars:


Innate Abilities, Weirdness & Mutations

You are partially covered in molten scales (AC +1).
When hurt, damage is shared between your health and your magic reserves.


Message History

The dart slug is almost dead.
Your scale mail prevents you from hitting the rat.
The rat closely misses you.
You hit the dart slug.
You kill the dart slug!
Lugonu accepts your kill.
You hit the rat.
The rat is severely wounded.
The rat barely misses you. The rat bites you but does no damage.
You see here a dart slug corpse.
Unknown command.
You hit the rat.
You kill the rat!
Lugonu accepts your kill.
You have reached level 4!
You feel clever.
Your demonic ancestry asserts itself...
You feel your magical essence form a protective shroud around your flesh.
Done exploring.
Are you sure you want to abandon this character and quit the game? (Confirm with "yes".)

##..#.###.##########.##
##.#.#.#
#..............
##.##.#.#
#..############
##.##..#.# #..##
#.######.###...##
#.#.[##..##.###.#
#.#.##...##.# #.#
#.#.#.##.##.###.#
#.#......@.....##
#.#†..#######.##
#..†.## #.# #.#### #.#
### #.########
#........#
########.##### #......
#######


There were no monsters in sight!

Vanquished Creatures
  An ooze (D:2)
  A worm (D:2)
  3 dart slugs
  A giant gecko (D:2)
  A ball python (D:1)
  3 giant cockroaches
  8 goblins
  8 hobgoblins
  4 jackals (D:1)
  5 kobolds
  A quokka (D:2)
  3 bats
  A giant newt (D:2)
  7 rats
47 creatures vanquished.

Notes
Turn   | Place    | Note
--------------------------------------------------------------
     0 | Abyss:1  | Gargoyl the Demonspawn Abyssal Knight began the quest for the Orb.
     0 | Abyss:1  | Reached XP level 1. HP: 18/18 MP: 2/2
    62 | Abyss:1  | Noticed a small abomination
    64 | Abyss:1  | Noticed a wretched star
    66 | D:1      | Escaped the Abyss
   191 | D:1      | Gained mutation: You are partially covered in molten scales (AC +1). [demonic ancestry]
   191 | D:1      | Reached XP level 2. HP: 6/24 MP: 3/3
   635 | D:1      | Reached skill level 1 in Dodging
   712 | D:1      | Reached * piety under Lugonu
   965 | D:1      | Reached XP level 3. HP: 27/29 MP: 5/5
  1819 | D:2      | Gained mutation: When hurt, damage is shared between your health and your magic reserves. [demonic ancestry]
  1819 | D:2      | Reached XP level 4. HP: 37/37 MP: 6/6
  1827 | D:2      | Quit the game

Skill      XL: |  1  2 |
---------------+-------+-----
Armour         | 2 |  2.3
Dodging        | 1 |  1.6
Axes           | 2 |  2.2
Fighting       | |  3.7
Invocations    | |  2.7

Action                   |  1- 3 |  4- 6 || total
-------------------------+-------+-------++-------
Melee: Hand axe          |   153 |       ||   153
Invok: Depart the Abyss  |     1 |       ||     1
  Eat: Chunk             |     3 |       ||     3
Armor: Scale mail        |    98 |       ||    98
Dodge: Dodged            |    82 |       ||    82
